 Dungeon Crawl Stone Soup version 0.28-a0-932-g843f935a50 (webtiles) character file.

Game seed: 8030621328977640553

23626 tilp the Covert (level 10, -4/48 HPs)
             Began as a Felid Ice Elementalist on Nov 27, 2021.
             Was an Elder of Ru.
             Slain by an orc warrior (17 damage)
             ... on level 1 of the Orcish Mines.
             The game lasted 01:07:02 (29816 turns).

tilp the Covert (Felid Ice Elementalist)           Turns: 29816, Time: 01:07:03

Health: -4/48      AC:  3    Str:  8    XL:     10   Next: 73%
Magic:  23/23      EV: 22    Int: 20    God:    Ru [****..]
Gold:   1524       SH:  0    Dex: 18    Spells: 11/25 levels left
                                        Lives:  0   Deaths: 3

rFire   . . .      SeeInvis +     - Unarmed
rCold   + + .      Faith    .   (shield unavailable)
rNeg    . . .      Spirit   .   (armour unavailable)
rPois   .          Reflect  .   (helmet unavailable)
rElec   .          Harm     .   (cloak unavailable)
rCorr   .          Rampage  .   (gloves unavailable)
Will    +....                   (boots unavailable)
Stlth   +++++.....              w - amulet of regeneration
HPRegen 0.96/turn               D - ring "Pisiul" {rF+ Str+4}
MPRegen 0.18/turn               y - ring of ice

@: quick
A: very small, claws 1, fangs 3, see invisible, speed 1, shaggy fur 3, hated by
all, no hexes magic, no poison magic, no translocations magic, inexperienced 1,
stealthy paws, no weapons or thrown items, no armour, multi-lived
a: Renounce Religion, Draw Out Power, Power Leap


You were on level 1 of the Orcish Mines.
You worshipped Ru.
Ru was greatly pleased with you.
You visited 4 branches of the dungeon, and saw 19 of its levels.
You also visited: Gauntlet and Volcano.

You collected 1580 gold pieces.
You spent 56 gold pieces at shops.

Inventory:

Jewellery
 r - an amulet of guardian spirit
 t - an amulet of reflection
 w - an amulet of regeneration (around neck)
 y - a ring of ice (right paw)
 z - a ring of protection from cold
 B - an amulet of magic regeneration
 C - a ring of flight
 D - the ring "Pisiul" (left paw) {rF+ Str+4}
   (You found it in a Gauntlet)

   [ring of protection from fire]

   Str:       It affects your strength (+4).
   rF:        It protects you from fire.
 E - a ring of ice
 F - a +6 ring of strength
 H - a ring of positive energy
 L - the ring of Coprugaq {Drain Fly rCorr Str+4}
   (You found it in a Gauntlet)

   [ring of resist corrosion]

   Str:       It affects your strength (+4).
   Fly:       It grants you flight.
   rCorr:     It protects you from acid and corrosion.
   Drain:     It drains your maximum health when unequipped.
Wands
 e - a wand of paralysis (6)
 i - a wand of digging (2)
 j - a wand of flame (44)
 x - a wand of polymorph (7)
 N - a wand of acid (5)
Scrolls
 g - 8 scrolls of teleportation
 h - 4 scrolls of identify
 o - 3 scrolls of fog
 p - 3 scrolls of magic mapping
 s - 4 scrolls of amnesia
 u - 2 scrolls of silence
 G - 3 scrolls of holy word
 J - a scroll of fear
Potions
 a - 4 potions of berserk rage
 b - 6 potions of might
 c - 7 potions of lignification
 d - 7 potions of curing
 f - 3 potions of heal wounds
 k - 2 potions of haste
 l - 3 potions of attraction
 m - a potion of cancellation
 n - a potion of flight
 v - a potion of resistance
 A - 2 potions of ambrosia
 K - a potion of magic
Miscellaneous
 q - a condenser vane
 I - a phial of floods
 M - a piece from Xom's chessboard (15/15)


   Skills:
 - Level 8.0 Fighting
 - Level 8.0 Dodging
 - Level 12.0 Stealth
 - Level 12.0 Unarmed Combat
 - Level 8.0 Spellcasting
 + Level 9.4 Conjurations
 + Level 11.1 Ice Magic
 - Level 8.0 Evocations


You had 11 spell levels left.
You knew the following spells:

 Your Spells              Type           Power      Damage    Failure   Level
a - Freeze                Ice            100%       1d11      1%          1
b - Frozen Ramparts       Ice            100%       1d12      1%          3
c - Ozocubu's Armour      Ice            68%        N/A       1%          3
d - Hailstorm             Conj/Ice       65%        3d14      1%          4
e - Stone Arrow           Conj/Erth      52%        3d10      3%          3

Your spell library contained the following spells:

 Spells                   Type           Power      Damage    Failure   Level
 Fireball                 Conj/Fire      13%        3d7       34%         5
 Lightning Bolt           Conj/Air       13%        1d26      34%         5
 Airstrike                Air            4%         N/A       63%         4
 Conjure Ball Lightning   Conj/Air       13%        3x3d6     88%         6
 Starburst                Conj/Fire      13%        6d5       88%         6
 Dragon Form              Tmut           4%         N/A       100%        7
 Ignition                 Fire           4%         3d4       100%        8
 Lehudib's Crystal Spear  Conj/Erth      13%        10d4      100%        8
 Mephitic Cloud           Conj/Pois/Air  Unusable   N/A       N/A         3
 Inner Flame              Hex/Fire       Unusable   N/A       N/A         3
 Cause Fear               Hex            Unusable   N/A       N/A         4
 Dragon's Call            Summ           Unusable   N/A       N/A         9

Dungeon Overview and Level Annotations

Branches:
Dungeon (11/15)            Temple (1/1) D:5            Lair (5/6) D:11
  Swamp (0/4) Lair:3       Spider (0/4) Lair:2          Orc (2/2) D:9
    Elf (0/3) Orc:2       Volcano (visited)         Gauntlet (visited)
  Slime: Lair:5-6

Altars:
Ashenzari
Cheibriados
Dithmenos
Elyvilon
Fedhas
Gozag
Hepliaklqana
Kikubaaqudgha
Makhleb
Nemelex Xobeh
Okawaru
Qazlal
Ru
Sif Muna
Trog
Uskayaw
Vehumet
Wu Jian
Xom
Yredelemnul
Zin
The Shining One
Beogh

Shops:
D:1 !   D:4 *   D:8 (

Annotations:
Lair:3 exclusion: hydra
Lair:5 massive vault, 1 exclusion


Innate Abilities, Weirdness & Mutations

You have sharp claws.
You have razor-sharp teeth.
You have supernaturally acute eyesight. (SInv)
You cover ground quickly. (Speed+)
Your thick and shaggy fur keeps you warm. (AC +3, rC+)
You are hated by all.
You cannot study or cast Hexes magic.
You cannot study or cast Poison magic.
You cannot study or cast Translocations magic.
You are somewhat inexperienced. (-2 XL)
Your paws help you pounce on unaware monsters.
You are incapable of wielding weapons or throwing items.
You cannot wear armour.
You gain extra lives every three experience levels.


Message History

The wall freezes the orc knight!
You kill the orc knight!
Your condenser vane has recharged.
You start resting.
The frozen ramparts melt away.
You start resting.
Your icy armour starts to melt.
You start resting.
Your icy armour evaporates.
You start resting.
HP restored.
Items here: )))) [[[.
You start resting.
Magic restored.
Things that are here:
a +0 plate armour; a +0 halberd; a +0 giant spiked club
Things that are here:
a +0 scale mail; a +0 club
Items here: ( ))))) [[[[.
You see here a +0 whip.
Things that are here:
a +0 plate armour; a +0 war axe
There is a stone staircase leading down here.
You climb downwards.
The orc warrior misses you.
The orc warlord roars a battlecry!
The orcs go into a battle-frenzy!
The orc warrior completely misses you.
The orc warrior shouts!
There is a stone staircase leading up here.
Unknown command.
The orc warlord hits you with a +3 war axe of freezing!!
Ouch! That really hurt!
* * * LOW HITPOINT WARNING * * *
The orc warlord freezes you.
* * * LOW HITPOINT WARNING * * *
The orc warrior barely misses you.
You climb upwards.
There is a stone staircase leading down here.
The orc warrior hits you with a +0 mace!
You die...

#.###.#........### ###.#
####.........## ##...####
##...##....#
#.....#.###......##.##
####.......#..#.....###
##....##.......#......#
#.....####....#.......#
##.#...#...#...#o>...##
###......##....@o.######
###....#......##.##..###
####.####....##...#....#
#......##.)[)[[........##
###...#..##())#[..........##
##.#.[###..[.)##............####
#.....# #....####....##......#.##
......###....[##................#
#.###.[.[................._..#.##


You could see an orc warlord and an orc warrior (strong).

Vanquished Creatures
  2 orc warlords
  A minotaur (Gauntlet)
  Harold (Lair:1)
  A catoblepas (Lair:4)
  6 hydras
  2 boulder beetles (D:7)
  2 two-headed ogres
  A tengu warrior (D:11)
  An orc high priest (Orc:1)
  An orc knight (Orc:1)
  A lindwurm (Lair:1)
  4 orc sorcerers
  An oklob plant (Gauntlet)
  2 ugly things (D:7)
  2 salamanders (Volcano)
  5 black mambas
  The ghost of TheNamelessOne the Chopper, a novice FoFi of Ru (D:6)
  Maggie (D:7)
  7 cane toads
  3 rime drakes
  3 unseen horrors
  A tengu conjurer (D:11)
  An efreet (D:11)
  9 komodo dragons
  The ghost of qborf the Chiller, an amateur NaIE (D:4)
  4 trolls (Orc:1)
  6 polar bears
  14 dream sheep (Lair:4)
  13 blink frogs
  7 wyverns
  A vampire (D:9)
  2 wraiths
  6 fire bats (Lair:3)
  35 yaks
  2 steam dragons
  6 vampire mosquitoes
  5 basilisks
  Menkaure (D:6)
  2 wargs (Orc:1)
  2 acid dragons
  14 water moccasins
  2 swamp worms (Gauntlet)
  25 orc warriors
  A sky beast (D:7)
  7 black bears
  2 necrophages
  5 ogres
  4 centaurs
  5 ice beasts
  A tengu (Gauntlet)
  26 wolves (Lair:4)
  17 bullfrogs
  3 kobold brigands
  2 gnoll sergeants
  A wyvern zombie (D:5)
  A scorpion (D:6)
  3 wyvern skeletons (D:7)
  11 killer bees
  2 howler monkeys (D:8)
  3 electric eels
  A crimson imp (D:7)
  5 centaur zombies
  3 hounds
  16 orc priests
  2 jellies
  2 gnoll shamans
  2 iguanas
  Natasha (thrice) (D:3)
  16 orc wizards
  A killer bee zombie (D:7)
  A hound skeleton (D:4)
  Robin (D:2)
  A howler monkey zombie (D:9)
  12 gnolls
  3 adders
  A howler monkey skeleton (D:4)
  2 shadow imps
  A white imp (D:4)
  A worm (D:2)
  A dart slug (D:1)
  72 orcs
  9 ball pythons
  9 bats
  6 endoplasms
  4 giant cockroaches
  13 goblins
  7 hobgoblins
  12 jackals
  21 kobolds
  A quokka (D:1)
  2 frilled lizards
  A goblin zombie (D:7)
  A hobgoblin zombie (D:7)
  A kobold skeleton (D:7)
  2 kobold zombies (D:7)
  2 orc skeletons (D:7)
  4 rats (D:3)
543 creatures vanquished.

Vanquished Creatures (others)
  A torpor snail (Lair:4)
  A wolf (Lair:4)
  A killer bee (D:9)
  16 demonic plants (Gauntlet)
  30 fungi
  64 plants
113 creatures vanquished.

Grand Total: 656 creatures vanquished

Notes
Turn   | Place    | Note
-------+----------+-------------------------------------------
     0 | D:1      | tilp the Felid Ice Elementalist began the quest for the
                  | Orb.
     0 | D:1      | Reached XP level 1. HP: 7/7 MP: 4/4
    77 | D:1      | Found a faded altar of an unknown god.
   111 | D:1      | Reached skill level 1 in Unarmed Combat
   355 | D:1      | Found Booqetidgh's Distillery.
   365 | D:1      | Reached XP level 2. HP: 10/11 MP: 3/6
  1176 | D:1      | Bought a potion of degeneration for 14 gold pieces
  1328 | D:2      | Reached XP level 3. HP: 14/14 MP: 5/7
  1332 | D:2      | Learned a level 3 spell: Frozen Ramparts
  1502 | D:2      | Noticed Robin
  2258 | D:2      | Killed Robin
  2501 | D:2      | Reached XP level 4. HP: 18/18 MP: 4/8
  2734 | D:1      | Bought a potion of curing for 42 gold pieces
  2798 | D:3      | Reached skill level 1 in Fighting
  2849 | D:3      | Learned a level 3 spell: Ozocubu's Armour
  3272 | D:3      | Noticed Natasha
  3282 | D:3      | Killed Natasha
  3311 | D:3      | Noticed Natasha
  3314 | D:3      | Killed Natasha
  3315 | D:3      | Reached XP level 5. HP: 22/22 MP: 2/9
  3679 | D:3      | Noticed Natasha
  3685 | D:3      | Killed Natasha
  3831 | D:3      | Found an ancient bone altar of Kikubaaqudgha.
  3921 | D:4      | Found a runed translucent gate.
  3921 | D:4      | Found a runed translucent gate.
  3921 | D:4      | Found a runed translucent gate.
  3921 | D:4      | Noticed qborf's ghost (amateur NaIE)
  4251 | D:4      | Gained mutation: You are covered in thick fur. (AC +2)
                  | [Felid growth]
  4251 | D:4      | Reached XP level 6. HP: 19/26 MP: 7/10
  4402 | D:4      | Reached skill level 5 in Stealth
  4682 | D:4      | Found Fyvinixu's Neck Hole.
  5243 | D:4      | Found a basalt altar of Yredelemnul.
  5544 | D:5      | Entered Level 5 of the Dungeon
  5687 | D:5      | Found a hazy altar of Hepliaklqana.
  5710 | D:5      | Slain by a wyvern zombie
  5711 | D:5      | Reached XP level 5. HP: -1/22 MP: 8/9
  5753 | D:5      | Found a staircase to the Ecumenical Temple.
  5773 | Temple   | Entered the Ecumenical Temple
  5883 | Temple   | Became a worshipper of Ru the Awakened
  6057 | D:5      | Reached XP level 6. HP: 24/26 MP: 6/10
  6281 | D:5      | Noticed an ice beast
  6745 | D:5      | Found an iron altar of Okawaru.
  6898 | D:6      | Noticed an ice beast
  6902 | D:6      | Killed an ice beast
  6903 | D:6      | Reached skill level 1 in Evocations
  6916 | D:6      | Found a runed translucent door.
  6918 | D:6      | Noticed TheNamelessOne's ghost (novice FoFi)
  6918 | D:6      | Noticed a vampire mosquito
  7011 | D:6      | Reached XP level 7. HP: 30/30 MP: 12/12
  7016 | D:6      | Learned a level 4 spell: Hailstorm
  7055 | D:6      | Noticed Menkaure
  7072 | D:6      | Killed Menkaure
  7073 | D:6      | Reached skill level 1 in Conjurations
  7073 | D:6      | Reached skill level 5 in Ice Magic
  7425 | D:6      | Found a broken altar of Ashenzari.
  7926 | D:6      | Found a hide-covered altar of Uskayaw.
  7998 | D:6      | Gained mutation: You are hated by all. [Ru sacrifice]
  7998 | D:6      | Reached * piety under Ru
  7998 | D:6      | Reached ** piety under Ru
  8482 | D:7      | Reached XP level 8. HP: 29/33 MP: 1/13
  8576 | D:7      | Found a shimmering altar of Xom.
  8618 | D:7      | Noticed Maggie
  8821 | D:7      | Noticed a boulder beetle
  8846 | D:7      | Reached skill level 5 in Dodging
  9071 | D:7      | Noticed a two-headed ogre
  9090 | D:7      | Noticed a green ugly thing
  9109 | D:7      | Noticed an unseen horror
  9116 | D:7      | Killed an unseen horror
  9117 | D:7      | Reached skill level 5 in Unarmed Combat
  9135 | D:7      | Killed a green ugly thing
  9136 | D:7      | Reached XP level 9. HP: 39/39 MP: 14/14
  9155 | D:7      | Noticed an unseen horror
  9182 | D:7      | Noticed a boulder beetle
  9985 | D:7      | Killed a boulder beetle
 10473 | D:7      | Noticed a white ugly thing
 10481 | D:7      | Killed a white ugly thing
 10482 | D:7      | Reached skill level 5 in Evocations
 10482 | D:7      | Reached XP level 10. HP: 42/42 MP: 17/17
 10892 | D:7      | Identified the +3 leather armour of the Saviour {Str+3}
 10897 | D:7      | Got the Almanac of Igneous Air
 10955 | D:7      | Killed a boulder beetle
 11166 | D:7      | Found a sparkling altar of Nemelex Xobeh.
 11267 | D:7      | Killed a two-headed ogre
 11268 | D:7      | Reached skill level 5 in Fighting
 11470 | D:7      | Found a glowing golden altar of the Shining One.
 11618 | D:7      | Identified the +8 hunting sling of Vyutzytu {flame, Contam
                  | rPois Str+8}
 12480 | D:8      | Found Eghitt's Weapon Boutique.
 13033 | D:9      | Found a staircase to the Orcish Mines.
 14194 | D:9      | Reached XP level 11. HP: 48/48 MP: 18/18
 14333 | D:9      | Reached skill level 10 in Stealth
 14446 | D:10     | Entered Level 10 of the Dungeon
 15409 | D:10     | Found a shimmering blue altar of Sif Muna.
 15517 | D:10     | Found an opulent altar of Gozag.
 16068 | D:11     | Found a staircase to the Lair.
 16670 | D:11     | Reached skill level 5 in Spellcasting
 16670 | D:11     | Reached skill level 5 in Conjurations
 16675 | D:11     | Noticed a tengu warrior
 16681 | D:11     | Killed a tengu warrior
 17229 | Lair:1   | Entered Level 1 of the Lair of Beasts
 17291 | Lair:1   | Found a dark tunnel.
 17291 | Lair:1   | Noticed a lindwurm
 17298 | Lair:1   | Killed a lindwurm
 17402 | Volcano  | Entered a volcano
 17485 | Volcano  | Noticed a hell knight
 17538 | Volcano  | Noticed a salamander mystic
 17735 | Lair:1   | Noticed a five-headed hydra
 17752 | Lair:1   | Killed a five-headed hydra
 17753 | Lair:1   | Gained mutation: Your thick and shaggy fur keeps you warm.
                  | (AC +3, rC+) [Felid growth]
 17753 | Lair:1   | Reached XP level 12. HP: 46/52 MP: 5/21
 18336 | Lair:1   | Gained mutation: You cannot study or cast Poison magic. [Ru
                  | sacrifice]
 18336 | Lair:1   | Gained mutation: You cannot study or cast Hexes magic. [Ru
                  | sacrifice]
 18336 | Lair:1   | Gained mutation: You cannot study or cast Translocations
                  | magic. [Ru sacrifice]
 18336 | Lair:1   | Reached *** piety under Ru
 18454 | Lair:1   | Noticed a seven-headed hydra
 18924 | Lair:1   | Noticed Harold
 18936 | Lair:1   | Killed Harold
 20139 | Lair:2   | Reached skill level 10 in Ice Magic
 20343 | Lair:2   | Found a hole to the Spider Nest.
 21503 | Lair:3   | Identified the +2 ring mail of the Hidden Vale {Regen+}
 21531 | Lair:3   | Noticed a five-headed hydra
 21638 | Lair:3   | Found a staircase to the Swamp.
 22111 | Lair:4   | Noticed an eight-headed hydra
 22125 | Lair:4   | Killed an eight-headed hydra
 22126 | Lair:4   | Reached XP level 13. HP: 57/57 MP: 12/26
 22954 | Lair:4   | Reached skill level 10 in Unarmed Combat
 23721 | Lair:4   | Slain by a six-headed hydra
 23722 | Lair:4   | Reached XP level 12. HP: 0/55 MP: 10/25
 23735 | Lair:4   | Killed a six-headed hydra
 25110 | Lair:5   | Noticed an eight-headed hydra
 25272 | Lair:5   | Identified the +0 kite shield of the Invisible Moons {rC+}
 25528 | Lair:5   | Noticed a six-headed hydra
 25528 | Lair:5   | Noticed a death yak
 25567 | Lair:4   | Killed a six-headed hydra
 25761 | Lair:5   | Killed an eight-headed hydra
 25762 | Lair:5   | Reached XP level 13. HP: 58/58 MP: 12/26
 26346 | D:4      | Killed qborf's ghost
 26538 | D:6      | Identified the +2 robe "Uwuaheer" {Contam Dex+4}
 26596 | D:6      | Killed TheNamelessOne's ghost
 26746 | D:7      | Killed Maggie
 26828 | Orc:1    | Entered Level 1 of the Orcish Mines
 27804 | Orc:1    | Noticed an orc warlord
 27824 | Orc:1    | Killed an orc warlord
 28616 | Orc:2    | Entered Level 2 of the Orcish Mines
 28620 | Orc:2    | Found a gate leading to a gauntlet.
 28621 | Orc:2    | Noticed an orc warlord
 28642 | Orc:2    | Killed an orc warlord
 28695 | Gauntlet | Entered a Gauntlet
 28695 | Gauntlet | Found a transporter.
 28695 | Gauntlet | Found a transporter.
 28696 | Gauntlet | Gained mutation: You are somewhat inexperienced. (-2 XL)
                  | [Ru sacrifice]
 28696 | Gauntlet | Reached XP level 12. HP: 46/50 MP: 0/25
 28696 | Gauntlet | Reached XP level 11. HP: 46/46 MP: 0/24
 28696 | Gauntlet | Reached **** piety under Ru
 28828 | Gauntlet | Found a transporter.
 28831 | Gauntlet | Found a transporter.
 28837 | Gauntlet | Found a runed translucent gate.
 28837 | Gauntlet | Found a runed translucent gate.
 28837 | Gauntlet | Found a runed translucent gate.
 28839 | Gauntlet | Found a transporter.
 28842 | Gauntlet | Found a transporter.
 28844 | Gauntlet | Noticed a dire elephant
 28850 | Gauntlet | Found a transporter.
 28870 | Gauntlet | Found a transporter.
 28887 | Gauntlet | Found a transporter.
 28890 | Gauntlet | Found a transporter.
 28900 | Gauntlet | Found a transporter.
 28903 | Gauntlet | Found a transporter.
 29144 | Gauntlet | Identified the ring "Pisiul" {rF+ Str+4}
 29155 | Gauntlet | HP: 1/47 [oklob plant/splash of acid (30)]
 29156 | Gauntlet | Killed from afar by an oklob plant
 29157 | Gauntlet | Reached XP level 10. HP: -8/44 MP: 23/23
 29413 | Gauntlet | Identified the ring of Coprugaq {Drain Fly rCorr Str+4}
 29426 | Gauntlet | Noticed a minotaur
 29435 | Gauntlet | Killed a minotaur
 29447 | Gauntlet | Got the Tome of Grandeur
 29468 | Gauntlet | Identified the +7 war axe of Descent {drain, Str+3}
 29490 | Gauntlet | Learned a level 3 spell: Stone Arrow
 29575 | Orc:2    | Noticed an orc warlord
 29816 | Orc:1    | Slain by an orc warrior

Illustrated notes

Levels and vault maps discovered:
D:1:      amcnicky_arrival_choice, layout_basic,
          dreamdust_ecumenical_altar_grove, serial_shops, nicolae_shop_trees
D:2:      layout_basic, minmay_misc_feat_plants, uniq_robin
D:3:      layout_loops_ring, nicolae_kikubaaqudgha_miasma_corner, uniq_natasha
D:4:      layout_loops_cross, mainiacjoe_overflow_alcove_4,
          gammafunk_ghost_split, minivault_23, nicolae_shop_sticking_my_neck_out
D:5:      layout_basic, mainiacjoe_overflow_alcove_1, overflow_temple_1_default,
          minmay_temple_entry_hall, minmay_misc_feat_ornament,
          palyth_stone_intersect, hangedman_decor_opposing
D:6:      layout_loops_corners, mainiacjoe_overflow_alcove_2,
          cheibrodos_ashenzari_chains, ebering_ghost_inner_flame, serial_glass,
          glass_columns_a, glass_columns_c, item_on_display_a,
          due_unseen_surprise, feat_on_display, uniq_menkaure
D:7:      minmay_the_grid_octo_tiled_squarecenter
          [minmay_the_grid_octo_fan_narrow, minmay_the_grid_octo_clover,
          minmay_the_grid_octo_concentric, minmay_the_grid_octo_pinwheel,
          minmay_the_grid_square_5x5_megaprize_checkered,
          minmay_the_grid_square_5x5_bracketed,
          minmay_the_grid_square_5x5_minivault,
          minmay_the_grid_square_5x5_two_small,
          minmay_the_grid_square_5x5_inset], layout_cave_pods,
          lemuel_tele_altar, nicolae_tso_besieged_by_evil,
          nemelex_spade_bored_becter, uniq_maggie
D:8:      layout_loops_cross, serial_glass, glass_columns_a, glass_columns_b,
          serial_shops, nicolae_shop_behind_doors
D:9:      layout_irregular_city, minmay_orc_entry_temple_small, disabler_island
D:10:     layout_roguey, mainiacjoe_overflow_brackets,
          lemuel_coloured_pillars_altar, special_room [special_room_orc]
D:11:     layout_basic, david_lair_shrubbed, minmay_checkerbox
Temple:   jpeg_temple_clearing
Lair:1:   beast_lair_carwin_large_3, layout_regular_city,
          nicolae_volcano_entry_vermiform, eino_small_chamber_without_monster,
          serial_bayou_shore_a, uniq_harold
Lair:2:   layout_regular_city, spider_nest_entry_web_field,
          infiniplex_staircase_pool_2
Lair:3:   layout_gridlike, swamp_mist_pool, cheibrodos_lair_reptile_den
Lair:4:   layout_misc_corridors, grunt_forest_large_clearings
Lair:5:   nzn_winding_woodlands_huge [nzn_winding_woodlands_5x15_lazy_stream,
          nzn_winding_woodlands_5x15_sawtooth,
          nzn_winding_woodlands_5x15_concentric,
          nzn_winding_woodlands_5x15_twine, nzn_winding_woodlands_5x15_garden,
          nzn_winding_woodlands_5x15_sidewinder,
          nzn_winding_woodlands_5x15_split_checker,
          nzn_winding_woodlands_5x15_jagged, nzn_winding_woodlands_5x15_pockets,
          nzn_winding_woodlands_5x15_cabin,
          nzn_winding_woodlands_center_pierced_h,
          nzn_winding_woodlands_center_diamonds,
          nzn_winding_woodlands_15x15_killbox], layout_layer_cave
Orc:1:    layout_diamond_mine, basic_altar, nicolae_orc_lost_temple
Orc:2:    grunt_orc_gardens, layout_diamond_mine, grunt_orc_garden,
          grunt_orc_garden, grunt_orc_garden, grunt_orc_garden, serial_shops,
          nicolae_diamond_shop, gauntlet_entry_generic, basic_altar

Skill      XL: |  1  2  3  4  5  6  7  8  9 10 11 12 13 |
---------------+----------------------------------------+-----
Unarmed Combat | 1 2 4 5 6 7 8 11 12 | 12.0
Ice Magic      | 4 5 6 8 11 9 10 | 11.1
Dodging        | 3 4 6 8 |  8.0
Stealth        | 3 6 5 8 9 10 12 | 12.0
Fighting       | 1 2 4 5 6 7 8 |  8.0
Evocations     | 2 4 5 6 7 8 |  8.0
Spellcasting   | 3 4 5 8 |  8.0
Conjurations   | 2 4 5 8 9 |  9.4

Action                   |  1- 3 |  4- 6 |  7- 9 | 10-12 | 13-15 || total
-------------------------+-------+-------+-------+-------+-------++-------
Melee: Unarmed           |    17 |    74 |   101 |   409 |   160 ||   761
       Bite              |     1 |     4 |     4 |    32 |    14 ||    55
       Punch             |       |       |     1 |    11 |     6 ||    18
 Cast: Freeze            |    40 |    44 |    18 |    82 |    12 ||   196
       Frozen Ramparts   |     5 |    10 |    18 |    89 |    41 ||   163
       Ozocubu's Armour  |       |    10 |    21 |    93 |    38 ||   162
       Hailstorm         |       |       |     3 |    75 |    61 ||   139
       Stone Arrow       |       |       |       |    10 |       ||    10
Invok: Sacrifice Love    |       |       |     1 |       |       ||     1
       Reject Sacrifices |       |       |       |     2 |       ||     2
       Sacrifice Experie |       |       |       |     1 |       ||     1
       Draw Out Power    |       |       |       |     1 |     2 ||     3
       Sacrifice Arcana  |       |       |       |     1 |       ||     1
Evoke: Wand              |       |    12 |    12 |    32 |    17 ||    73
       Condenser vane    |       |       |       |     2 |     2 ||     4
       Phial of floods   |       |       |       |       |     1 ||     1
  Use: Scroll            |     1 |    11 |     2 |    12 |     2 ||    28
       Potion            |       |       |       |     3 |     3 ||     6
 Stab: Sleeping          |     5 |    20 |     9 |    23 |     7 ||    64
       Paralysed         |       |     1 |     9 |    11 |     2 ||    23
       Distracted        |       |       |       |     4 |     4 ||     8
       Invisible         |       |       |       |     2 |       ||     2
Armor: Skin              |     4 |    18 |    19 |    56 |    23 ||   120
Dodge: Dodged            |    39 |   113 |   119 |   409 |   166 ||   846

Table legend: (Time is in decaauts)
 A = Elapsed time spent in this place.
 B = Non-inter-level travel time spent in this place.
 C = Inter-level travel time spent in this place.
 D = Time resting spent in this place.
 E = Time spent auto-exploring this place.
 F = Levels seen in this place.
 G = Mean time per level.
                   A        B        C        D        E       F      G
               +--------+--------+--------+--------+--------+-----+--------+
         Total |  26803 |  25245 |   1558 |   6304 |  14437 |  21 | 1276.3 |
       Dungeon |  16083 |  15066 |   1017 |   3708 |   9048 |  11 | 1462.1 |
        Temple |    101 |     67 |     34 |      0 |     56 |   1 |  101.0 |
          Lair |   7920 |   7443 |    477 |   1606 |   4448 |   5 | 1584.0 |
  Orcish Mines |   1837 |   1808 |     29 |    726 |    637 |   2 |  918.5 |
       Volcano |    132 |    132 |      0 |     36 |      0 |   1 |  132.0 |
      Gauntlet |    727 |    727 |      0 |    227 |    246 |   1 |  727.0 |
               +--------+--------+--------+--------+--------+-----+--------+

Top non-repeatable levels by time:
     D:7: 2873 daAuts
  Lair:1: 2021 daAuts
     D:6: 1947 daAuts
  Lair:4: 1837 daAuts
   Orc:1: 1754 daAuts
  Lair:3: 1631 daAuts
     D:9: 1554 daAuts
  Lair:5: 1408 daAuts
     D:4: 1394 daAuts
    D:11: 1361 daAuts
     D:1: 1337 daAuts
    D:10: 1204 daAuts
     D:3: 1182 daAuts
     D:2: 1133 daAuts
     D:5: 1118 daAuts
